[Event "December 5 Early 2023"]
[Site "https://www.chess.com"]
[Date "2023.12.05"]
[Round "2"]
[White "Chor, Kevin"]
[Black "Kazakouski, Valery"]
[Result "0-1"]
[Board "47"]
[TimeControl "180+1"]
[WhiteFideId "2090740"]
[BlackFideId "13507443"]
[WhiteElo "2580"]
[BlackElo "2877"]
[WhiteTeam "USA"]
[BlackTeam "LTU"]
[WhiteClock "0:00:01"]
[BlackClock "0:01:01"]

1. e4 c5 2. Nf3 a6 3. c3 d5 4. exd5 Qxd5 5. d4 Bg4 6. Be2 Nf6 7. Na3 e6 8. Be3 cxd4 9. Nxd4 Bxe2 10. Qxe2 Bxa3 11. bxa3 O-O 12. O-O Nbd7 13. c4 Qa5 14. Rab1 b6 15. Bd2 Qa4 16. Rb3 Rfc8 17. Rc1 b5 18. Rbc3 bxc4 19. Rg3 c3 20. Bh6 g6 21. Qe3 Rc4 22. Nxe6 Re8 0-1

[Event "December 5 Early 2023"]
[Site "https://www.chess.com"]
[Date "2023.12.05"]
[Round "2"]
[White "Shuvalova, Polina"]
[Black "Cremisi, Daniel"]
[Result "0-1"]
[Board "48"]
[TimeControl "180+1"]
[WhiteFideId "24171760"]
[BlackFideId "2089882"]
[WhiteElo "2872"]
[BlackElo "2580"]
[WhiteTeam "RUS"]
[BlackTeam "USA"]
[WhiteClock "0:00:09"]
[BlackClock "0:00:10"]

1. e4 e6 2. d4 d5 3. Nd2 dxe4 4. Nxe4 Nd7 5. Nf3 Be7 6. Bd3 Ngf6 7. Qe2 b6 8. Nxf6+ Nxf6 9. Bb5+ Bd7 10. Ne5 O-O 11. Nxd7 Nxd7 12. O-O Nf6 13. c3 c5 14. Rd1 Qc7 15. Bg5 cxd4 16. Rxd4 Rad8 17. Rad1 Rxd4 18. Rxd4 Rd8 19. Qd1 Rxd4 20. Qxd4 Qc5 21. Qxc5 Bxc5 22. Bc6 h6 23. Bd2 Ng4 24. Be1 Kf8 25. h3 Ne5 26. Bb5 Ke7 27. Kf1 Bd6 28. Ke2 Nd7 29. Bd2 Nf6 30. g3 Nd5 31. a3 h5 32. h4 f5 33. c4 Nf6 34. Bc6 Bc5 35. Bf3 g6 36. Bc3 Ng4 37. b4 Bd6 38. Bb7 Be5 39. Be1 Bb2 40. a4 Be5 41. Kd3 Bd6 42. Kc3 Nf6 43. Kb3 Kd7 44. a5 Kc7 45. a6 Ng4 46. Ka4 Ne5 47. Kb5 Nd3 48. Bc3 Nxf2 49. Bd4 Ne4 50. c5 bxc5 51. bxc5 Bxg3 52. c6 Nd6+ 53. Kb4 Nxb7 54. cxb7 Kb8 55. Kb5 Bd6 56. Kc6 Bh2 57. Kd7 e5 58. Bc5 e4 59. Be3 f4 60. Bd4 f3 61. Be3 Be5 62. Bf2 Bf4 63. Bc5 e3 64. Be7 f2 65. Bg5 Bxg5 66. hxg5 f1=Q 67. Ke7 Qxa6 68. Kf7 Qb6 69. Kg7 a5 70. Kh6 a4 71. Kh7 a3 72. Kg8 a2 73. Kh7 a1=Q 74. Kh6 Qh8# 0-1

[Event "December 5 Early 2023"]
[Site "https://www.chess.com"]
[Date "2023.12.05"]
[Round "2"]
[White "Ezat, Mohamed"]
[Black "Popov, Konstantin"]
[Result "1/2-1/2"]
[Board "49"]
[TimeControl "180+1"]
[WhiteFideId "10600906"]
[BlackFideId "34137910"]
[WhiteElo "2578"]
[BlackElo "2870"]
[WhiteTeam "EGY"]
[BlackTeam "FID"]
[WhiteClock "0:00:03"]
[BlackClock "0:00:05"]

1. d4 Nf6 2. c4 e6 3. Nc3 Bb4 4. a3 Bxc3+ 5. bxc3 d6 6. e3 e5 7. Bd3 O-O 8. Ne2 e4 9. Bc2 Be6 10. Ng3 Bxc4 11. Nxe4 Nxe4 12. Bxe4 Nc6 13. Bd3 Bxd3 14. Qxd3 d5 15. c4 Na5 16. cxd5 Qxd5 17. O-O c5 18. Bb2 c4 19. Qc3 Rae8 20. Rae1 f5 21. f3 b6 22. Re2 Nb7 23. a4 Re6 24. Rfe1 Rfe8 25. Ba3 Nd8 26. h3 Nc6 27. Bb2 Nd8 28. Qc2 Rc6 29. Bc3 Nf7 30. e4 fxe4 31. fxe4 Qd7 32. Rf2 Rg6 33. Ref1 Ng5 34. Kh2 h6 35. e5 Rc6 36. h4 Ne6 37. Qg6 Nxd4 38. Rf6 Rxf6 39. exf6 Rf8 40. f7+ Rxf7 41. Rxf7 Qxf7 42. Qxf7+ Kxf7 43. Bxd4 g6 44. Kg3 Ke6 45. Kf4 Kd5 46. Ke3 Kc6 47. Ke4 a6 48. Bc3 b5 49. a5 Kc5 50. Be5 b4 51. Ke3 Kb5 52. Bc7 Ka4 53. Kd2 Kb3 54. Kc1 Ka2 55. Bd6 Ka3 56. Bc5 Ka4 57. Bb6 Kb3 58. g4 h5 59. gxh5 gxh5 60. Bc5 c3 61. Bd4 Kc4 62. Bf6 Kb5 63. Bd8 Kc4 64. Be7 Kb3 65. Bd6 Ka4 66. Bc7 b3 67. Be5 Kb4 68. Kb1 Kc4 69. Kc1 Kd3 70. Bf6 b2+ 71. Kb1 Kd2 72. Bg5+ Kd3 73. Bf6 Kd2 74. Bg5+ Kd3 75. Bf6 1/2-1/2

[Event "December 5 Early 2023"]
[Site "https://www.chess.com"]
[Date "2023.12.05"]
[Round "2"]
[White "Vivaan Vishal Shah"]
[Black "Xu, Yi"]
[Result "0-1"]
[Board "50"]
[TimeControl "180+1"]
[WhiteFideId "25184237"]
[BlackFideId "8605564"]
[WhiteElo "2578"]
[BlackElo "2856"]
[WhiteTeam "IND"]
[BlackTeam "CHN"]
[WhiteClock "0:00:00"]
[BlackClock "0:00:05"]

1. d4 Nf6 2. g3 d5 3. Bg2 e6 4. c4 Be7 5. Nc3 O-O 6. cxd5 exd5 7. Nf3 c6 8. O-O Nbd7 9. Ne5 Re8 10. f4 Nf8 11. e3 Ng6 12. Qc2 Bd6 13. Bd2 Ne7 14. Qb3 a5 15. Rac1 Bb4 16. Nb1 Bxd2 17. Nxd2 a4 18. Qa3 Nf5 19. Rfe1 Nd6 20. h3 Bf5 21. g4 Be4 22. Ndf3 Bxf3 23. Bxf3 Nfe4 24. g5 Qa5 25. Qd3 a3 26. b3 Rad8 27. Qc2 Qd2 28. Re2 Qxc2 29. Rexc2 f6 30. gxf6 gxf6 31. Ng4 Kf7 32. Nf2 Rg8+ 33. Kh2 Nxf2 34. Rxf2 Ke7 35. Re1 f5 36. Rg2 Rxg2+ 37. Kxg2 Kf6 38. Kf2 Nb5 39. Rc1 Rg8 40. Be2 Nd6 41. Bf3 h5 42. Rc5 Ra8 43. Rc1 h4 44. Rc2 Rg8 45. Rc5 Rg3 46. Bg2 Nb5 47. Bxd5 Rxh3 48. Bg2 Rg3 49. Rc1 Nd6 50. Rh1 Rg4 51. Bf3 Ne4+ 52. Ke1 Rg3 53. Bxe4 Rxe3+ 54. Kf2 Rxe4 55. Rxh4 Rxd4 56. Ke3 Rd1 57. Rh6+ Ke7 58. Rh7+ Kd6 59. Rxb7 Ra1 60. Rf7 Ke6 61. Rc7 Kd6 62. Rf7 Rxa2 63. Rxf5 Ra1 64. Ra5 a2 0-1

[Event "December 5 Early 2023"]
[Site "https://www.chess.com"]
[Date "2023.12.05"]
[Round "2"]
[White "Hjartarson, Johann"]
[Black "Movsesian, Sergei"]
[Result "0-1"]
[Board "51"]
[TimeControl "180+1"]
[WhiteFideId "2300044"]
[BlackFideId "310204"]
[WhiteElo "2575"]
[BlackElo "2843"]
[WhiteTeam "ISL"]
[BlackTeam "ARM"]
[WhiteClock "0:00:51"]
[BlackClock "0:01:06"]

1. c4 e5 2. g3 Nc6 3. Bg2 Nf6 4. Nc3 Bc5 5. e3 a6 6. a3 Ba7 7. Nge2 O-O 8. O-O d6 9. d3 Be6 10. b4 d5 11. cxd5 Nxd5 12. Bb2 Qd7 13. Qc2 Rad8 14. Rfd1 h6 15. Ne4 f5 16. Nc5 Bxc5 17. Qxc5 f4 18. exf4 exf4 19. Nd4 Nxd4 20. Qxd4 Qf7 21. Re1 Rd7 22. Rac1 Ne3 23. Qxg7+ Qxg7 24. Bxg7 Kxg7 25. fxe3 f3 0-1

[Event "December 5 Early 2023"]
[Site "https://www.chess.com"]
[Date "2023.12.05"]
[Round "2"]
[White "Kuzubov, Yuriy"]
[Black "Viana Da Costa, Fernando"]
[Result "1-0"]
[Board "52"]
[TimeControl "180+1"]
[WhiteFideId "14112906"]
[BlackFideId "2111900"]
[WhiteElo "2841"]
[BlackElo "2570"]
[WhiteTeam "UKR"]
[BlackTeam "BRA"]
[WhiteClock "0:00:13"]
[BlackClock "0:00:20"]

1. d4 Nf6 2. c4 e6 3. Nf3 d5 4. Nc3 Bb4 5. Bg5 h6 6. Bxf6 Qxf6 7. e3 O-O 8. Rc1 c6 9. Qb3 Bd6 10. e4 dxe4 11. Nxe4 Qd8 12. Nxd6 Qxd6 13. c5 Qc7 14. Bd3 Nd7 15. Bb1 e5 16. Qc2 f5 17. Qb3+ Kh7 18. h4 e4 19. Ng5+ hxg5 20. hxg5+ Kg6 21. Qh3 Kxg5 22. g4 Qf4 23. Qh4+ Kg6 24. gxf5+ Qxf5 25. Bxe4 Re8 26. Qh7+ 1-0

[Event "December 5 Early 2023"]
[Site "https://www.chess.com"]
[Date "2023.12.05"]
[Round "2"]
[White "Lund, Gunnar"]
[Black "Gharibyan, Mamikon"]
[Result "1-0"]
[Board "53"]
[TimeControl "180+1"]
[WhiteFideId "1520814"]
[BlackFideId "13308300"]
[WhiteElo "2569"]
[BlackElo "2837"]
[WhiteTeam "NOR"]
[BlackTeam "ARM"]
[WhiteClock "0:00:13"]
[BlackClock "0:00:00"]

1. d4 d5 2. c4 e6 3. Nf3 Nf6 4. g3 Bb4+ 5. Bd2 Be7 6. Bg2 O-O 7. O-O Nbd7 8. Qc2 c6 9. Bf4 b6 10. Nbd2 Nh5 11. Ne5 Nxf4 12. gxf4 Nxe5 13. fxe5 c5 14. Rad1 cxd4 15. cxd5 exd5 16. Nb3 Bc5 17. Nxc5 bxc5 18. Qxc5 Ba6 19. Rfe1 Qg5 20. Qxd4 Rac8 21. Rd2 Rc4 22. Qxd5 Rg4 23. Red1 Bc4 24. Qf3 Bxa2 25. h3 Rf4 26. Qg3 Qxe5 27. e3 Rf5 28. Qxe5 Rxe5 29. Ra1 Be6 30. Rxa7 g5 31. b4 Rb8 32. Rd4 Reb5 33. Ra5 Rxb4 34. Rxg5+ Kf8 35. Rxb4 Rxb4 36. Ra5 Kg7 37. Kh2 h6 38. Kg3 Rb2 39. Bf3 Rb3 40. h4 Kf6 41. Rc5 Rb1 42. Ra5 Rg1+ 43. Kh2 Rb1 44. Ra4 Rf1 45. Kg2 Rb1 46. Rf4+ Kg7 47. Bg4 Bd5+ 48. Bf3 Be6 49. Rd4 Rc1 50. Kg3 Rg1+ 51. Bg2 Kf6 52. f4 Re1 53. Kf2 Rb1 54. e4 Rb2+ 55. Kg3 Rb3+ 56. Bf3 h5 57. f5 Ke5 58. Ra4 Bd7 59. Ra5+ Kf6 60. Kf4 Rb4 61. Rd5 Ba4 62. Bxh5 Bc2 63. Bf3 Ra4 64. Rd6+ Kg7 65. Rc6 Bb1 66. h5 f6 67. h6+ Kxh6 68. Rxf6+ Kg7 69. Re6 Kf7 70. Bh5+ Kg7 71. Bf3 Ba2 72. Rb6 Kf7 73. Kg5 Ra5 74. Rb7+ Kf8 75. Kf6 Ke8 76. Rb8+ Kd7 77. e5 Ra6+ 78. e6+ Bxe6 79. Rb7+ Kd6 80. fxe6 Ra3 81. Rd7+ Kc5 82. Bg4 1-0

[Event "December 5 Early 2023"]
[Site "https://www.chess.com"]
[Date "2023.12.05"]
[Round "2"]
[White "Aydin, Gulenay"]
[Black "Klukin, Kirill"]
[Result "0-1"]
[Board "54"]
[TimeControl "180+1"]
[WhiteFideId "34557431"]
[BlackFideId "24199273"]
[WhiteElo "2568"]
[BlackElo "2834"]
[WhiteTeam "TUR"]
[BlackTeam "RUS"]
[WhiteClock "0:00:01"]
[BlackClock "0:01:08"]

1. e4 c5 2. Nf3 g6 3. c3 Bg7 4. d4 cxd4 5. cxd4 d5 6. e5 a6 7. h3 Nc6 8. Bd3 f6 9. O-O fxe5 10. dxe5 e6 11. Re1 Nge7 12. Nbd2 O-O 13. Nf1 Nf5 14. Bg5 Qb6 15. Qd2 Bd7 16. Ne3 Nxe3 17. Bxe3 Qb4 18. Qc1 Rfc8 19. a3 Qf8 20. Bc5 Qd8 21. Qe3 Bf8 22. Bb6 Qe7 23. b4 Qg7 24. h4 Qh6 25. Qe2 Be7 26. Be3 Qg7 27. h5 gxh5 28. Bf4 Rf8 29. Bh2 h4 30. Kh1 Be8 31. Rg1 Bh5 32. Qe3 Kh8 33. a4 h3 34. b5 axb5 35. axb5 hxg2+ 36. Rxg2 Rxa1+ 37. Ng1 Bf3 38. Qxf3 Rxf3 39. Rxg7 Kxg7 0-1

[Event "December 5 Early 2023"]
[Site "https://www.chess.com"]
[Date "2023.12.05"]
[Round "2"]
[White "Finek, Vaclav"]
[Black "Taboas Rodriguez, Daniel"]
[Result "1-0"]
[Board "55"]
[TimeControl "180+1"]
[WhiteFideId "23718293"]
[BlackFideId "2208466"]
[WhiteElo "2834"]
[BlackElo "2568"]
[WhiteTeam "CZE"]
[BlackTeam "ESP"]
[WhiteClock "0:01:09"]
[BlackClock "0:00:50"]

1. d4 Nf6 2. Nf3 g6 3. g3 b6 4. Bg2 Bb7 5. O-O Bg7 6. c4 O-O 7. Qc2 c5 8. d5 b5 9. e4 d6 10. Nc3 bxc4 11. Bf4 Nfd7 12. Rfe1 Nb6 13. Nd2 N8d7 14. Bf1 Ne5 15. Bxe5 Bxe5 16. Nxc4 Nxc4 17. Bxc4 Qa5 18. Rac1 Ba6 19. Bxa6 Qxa6 20. b3 c4 21. b4 Qa3 22. Qa4 Qxa4 23. Nxa4 Rfc8 24. Rc2 c3 25. Kf1 Rc4 26. a3 Rb8 27. Nb2 cxb2 28. Rxc4 a5 29. Rb1 h5 30. Ke2 axb4 31. axb4 Ra8 32. Rc2 Ra2 33. b5 Ra4 34. Rcxb2 Bxb2 35. Rxb2 Rxe4+ 36. Kd3 Ra4 37. b6 Ra8 38. b7 Rb8 39. Kc4 Kf8 40. Rb6 Ke8 41. Kb5 Kd7 42. Ka6 e6 43. Ka7 Re8 44. b8=Q Rxb8 45. Rxb8 exd5 46. Kb6 d4 47. Kb5 Kc7 48. Ra8 1-0

[Event "December 5 Early 2023"]
[Site "https://www.chess.com"]
[Date "2023.12.05"]
[Round "2"]
[White "Truskavetsky, Alexandr"]
[Black "Molina, Roberto Junio Brito"]
[Result "1-0"]
[Board "56"]
[TimeControl "180+1"]
[WhiteFideId "14108577"]
[BlackFideId "2109450"]
[WhiteElo "2566"]
[BlackElo "2832"]
[WhiteTeam "RUS"]
[BlackTeam "BRA"]
[WhiteClock "0:00:47"]
[BlackClock "0:00:11"]

1. d4 d5 2. c4 c6 3. cxd5 cxd5 4. Nc3 Nf6 5. Bg5 e6 6. e3 Qb6 7. Qc2 Nc6 8. a3 Be7 9. Bd3 h6 10. Bh4 Bd7 11. Nge2 O-O 12. O-O Rfc8 13. b4 Qd8 14. Qb3 a6 15. f3 Be8 16. Rad1 b5 17. h3 a5 18. Bxb5 axb4 19. axb4 Nxb4 20. Bxf6 gxf6 21. Bxe8 Qxe8 22. Ra1 Rab8 23. Qd1 f5 24. Qe1 Qf8 25. Qg3+ Qg7 26. Qxg7+ Kxg7 27. Kf2 Rc7 28. Rfd1 Rbc8 29. Na2 Nc2 30. Rab1 Na3 31. Rbc1 Nc4 32. Nac3 Bg5 33. f4 Be7 34. g4 fxg4 35. hxg4 Ba3 36. Rb1 Nd6 37. Nb5 Nxb5 38. Rxb5 Rc2 39. Ra1 Be7 40. Ra7 R8c7 41. Rbb7 Rxb7 42. Rxb7 Bh4+ 43. Kf3 Kg6 44. f5+ exf5 45. gxf5+ Kxf5 46. Rxf7+ Ke6 47. Ra7 Bg5 48. Ra6+ Kd7 49. Nf4 Rc6 50. Ra7+ Kd6 51. Rg7 Bxf4 52. Kxf4 Rc3 53. Rg6+ Ke7 54. Rxh6 Rb3 55. Rh3 Kf6 56. Rg3 Ra3 57. e4 Ra4 58. e5+ Ke6 59. Rg6+ Ke7 60. Rb6 Rxd4+ 61. Kf5 Rd1 62. Rb7+ Ke8 63. Ke6 Kf8 64. Kd7 Re1 65. e6 d4 66. Rb4 Re4 67. Rb8+ Kg7 68. e7 d3 69. e8=Q d2 70. Qg8+ Kf6 71. Rf8+ Ke5 72. Qg5+ 1-0

[Event "December 5 Early 2023"]
[Site "https://www.chess.com"]
[Date "2023.12.05"]
[Round "2"]
[White "Vakhlamov, Igor L."]
[Black "Stankovic, Boris"]
[Result "1-0"]
[Board "57"]
[TimeControl "180+1"]
[WhiteFideId "24126748"]
[BlackFideId "985317"]
[WhiteElo "2830"]
[BlackElo "2565"]
[WhiteTeam "RUS"]
[BlackTeam "SRB"]
[WhiteClock "0:00:40"]
[BlackClock "0:00:19"]

1. e4 c5 2. Nf3 Nc6 3. Nc3 g6 4. d4 cxd4 5. Nxd4 Bg7 6. Nxc6 bxc6 7. Bc4 Qc7 8. O-O Nf6 9. Re1 d6 10. Bf4 Nd7 11. Qd2 O-O 12. Bh6 Rb8 13. Bb3 Nc5 14. Rad1 Be6 15. h4 Rfd8 16. h5 Nxb3 17. axb3 Qa5 18. hxg6 hxg6 19. Bxg7 Kxg7 20. Qd4+ f6 21. Ra1 Qh5 22. Rxa7 Kf7 23. f4 Rh8 24. f5 Qh2+ 25. Kf2 Qf4+ 26. Ke2 gxf5 27. Qe3 Qg4+ 28. Kd2 Rh2 29. exf5 Rxg2+ 30. Kc1 Qxf5 31. Ne4 Re8 32. Nxd6+ 1-0

[Event "December 5 Early 2023"]
[Site "https://www.chess.com"]
[Date "2023.12.05"]
[Round "2"]
[White "Jeet, Jain"]
[Black "Klekowski, Maciej"]
[Result "0-1"]
[Board "58"]
[TimeControl "180+1"]
[WhiteFideId "5073022"]
[BlackFideId "1132717"]
[WhiteElo "2565"]
[BlackElo "2830"]
[WhiteTeam "IND"]
[BlackTeam "POL"]
[WhiteClock "0:01:13"]
[BlackClock "0:00:50"]

1. Nf3 Nf6 2. g3 d6 3. Bg2 g6 4. O-O Bg7 5. d4 O-O 6. Nbd2 Nc6 7. e4 Bg4 8. c3 e5 9. h3 Bd7 10. dxe5 Nxe5 11. Nxe5 dxe5 12. Nc4 Qe7 13. Ne3 c6 14. Qc2 Rfd8 15. a4 a5 16. b3 Be6 17. Ba3 Qc7 18. Nc4 Bxc4 19. bxc4 Bf8 20. Bc1 Nd7 21. Be3 Bc5 22. Bh6 Nb6 23. Qe2 Qd7 24. Rfd1 Qe6 25. Rdb1 Rd7 26. Bf1 Rad8 27. h4 Rd3 28. Qe1 Rxg3+ 29. Kh2 Rf3 30. Ra2 Qg4 31. Bg2 Qxh4+ 32. Kg1 Rg3 33. Be3 Bxe3 34. fxe3 Nxc4 35. Re2 Qg5 36. Kh2 Rxe3 37. Rxe3 Nxe3 38. Qg3 Qxg3+ 39. Kxg3 Nxg2 40. Kxg2 Rd7 41. Kf2 f6 42. Ke3 h5 0-1

[Event "December 5 Early 2023"]
[Site "https://www.chess.com"]
[Date "2023.12.05"]
[Round "2"]
[White "Rustemov, Alexander"]
[Black "Malyi, Viacheslav"]
[Result "1/2-1/2"]
[Board "59"]
[TimeControl "180+1"]
[WhiteFideId "4119002"]
[BlackFideId "14123983"]
[WhiteElo "2822"]
[BlackElo "2563"]
[WhiteTeam "RUS"]
[BlackTeam "UKR"]
[WhiteClock "0:00:39"]
[BlackClock "0:00:57"]

1. d4 Nf6 2. c4 e6 3. Nf3 d5 4. cxd5 exd5 5. Nc3 Be7 6. Bg5 c6 7. Qc2 Nbd7 8. e3 Nh5 9. Bxe7 Qxe7 10. O-O-O g6 11. Kb1 O-O 12. h3 Nhf6 13. Bd3 b6 14. e4 dxe4 15. Nxe4 Bb7 16. Rhe1 Nxe4 17. Bxe4 Qd6 18. Ne5 Rac8 19. f4 Nf6 20. Bf3 Nd5 21. Qd2 Rce8 22. a3 f6 23. Nd3 Ba6 24. Nb4 Nxb4 25. Qxb4 Qxb4 26. axb4 Bb5 27. Kc2 Kf7 28. Kc3 Rxe1 29. Rxe1 Re8 30. Rxe8 Kxe8 31. h4 h6 32. Kd2 Ke7 33. Ke3 Kd6 34. g3 Bc4 35. Be4 Bf7 36. Kd3 Be8 37. Kc3 Bf7 38. Kd3 Be8 39. Ke3 Bf7 40. Bc2 Be8 41. Bb3 Bd7 42. Bc2 Be8 43. Bb1 Bf7 44. Bd3 Ke7 45. Be4 Kd6 1/2-1/2

[Event "December 5 Early 2023"]
[Site "https://www.chess.com"]
[Date "2023.12.05"]
[Round "2"]
[White "BestStelker"]
[Black "Rogov, Matfey"]
[Result "1-0"]
[Board "60"]
[TimeControl "180+1"]
[BlackFideId "44191308"]
[WhiteElo "2819"]
[BlackElo "2562"]
[BlackTeam "RUS"]
[WhiteClock "0:00:22"]
[BlackClock "0:00:01"]

1. d4 e6 2. Nf3 f5 3. g3 Nf6 4. Bg2 d5 5. O-O c6 6. c4 Bd6 7. b3 Qe7 8. a4 a5 9. Ba3 Bxa3 10. Nxa3 O-O 11. Nc2 Bd7 12. Nce1 Be8 13. Nd3 Nbd7 14. cxd5 exd5 15. Nfe5 Bh5 16. Qd2 Ne4 17. Qb2 g5 18. Nxd7 Qxd7 19. Ne5 Qe6 20. f3 Nd6 21. f4 Ne4 22. e3 h6 23. b4 Nd6 24. b5 Nc4 25. Qc3 Nxe5 26. fxe5 cxb5 27. Qb3 Rfd8 28. Qxb5 Qc6 29. Qxc6 bxc6 30. Rxf5 Rab8 31. Rf6 Rb3 32. Rxc6 Rxe3 33. Rxh6 Bf3 34. Kf2 Re2+ 35. Kxf3 Rb2 36. Bh3 Rf8+ 37. Rf6 Rxh2 38. Be6+ Kg7 39. Rxf8 Kxf8 40. Bxd5 Rd2 41. Ke3 Rg2 42. Bxg2 1-0

[Event "December 5 Early 2023"]
[Site "https://www.chess.com"]
[Date "2023.12.05"]
[Round "2"]
[White "Teterev, Vitaly"]
[Black "Klimkowski, Jan"]
[Result "0-1"]
[Board "61"]
[TimeControl "180+1"]
[WhiteFideId "13501429"]
[BlackFideId "21856222"]
[WhiteElo "2562"]
[BlackElo "2819"]
[WhiteTeam "BLR"]
[BlackTeam "POL"]
[WhiteClock "0:00:00"]
[BlackClock "0:00:06"]

1. e4 g6 2. d4 Bg7 3. Nf3 d6 4. c3 Nf6 5. Bd3 O-O 6. O-O Nc6 7. Re1 e5 8. h3 Nh5 9. Be3 Nf4 10. Bf1 h6 11. Nbd2 g5 12. dxe5 dxe5 13. Nc4 Qe7 14. b4 Rd8 15. Qc2 a6 16. a4 b6 17. b5 Nb8 18. Rad1 Nd7 19. g3 Ne6 20. h4 g4 21. Nfd2 axb5 22. axb5 Bb7 23. Be2 h5 24. Nb3 Ndc5 25. Nxc5 Nxc5 26. Nd2 Qe6 27. Bxc5 bxc5 28. Nc4 Bf8 29. Rxd8 Rxd8 30. Ne3 Bh6 31. Bc4 Qf6 32. Nf5 Bf8 33. Qa2 Bxe4 34. Rxe4 Qxf5 35. Re1 Bh6 36. Bd5 Kg7 37. Qc4 Bd2 38. Re2 Bh6 39. Qxc5 Qd3 40. Bc4 Qd6 41. Qxe5+ Qxe5 42. Rxe5 Kf6 43. Rxh5 Bd2 44. Rh7 Rd7 45. Be2 Bxc3 46. Bxg4 Rd2 47. Bh5 Rd7 48. Kg2 Bb4 49. Bg4 Rd2 50. Rh6+ Kg7 51. Rh5 Ba5 52. Rf5 Bb6 53. Rf3 Rd5 54. Rf5 Rd2 55. Bh5 f6 56. g4 Bd4 57. g5 Rb2 58. Kg3 Be5+ 59. f4 Bd4 60. gxf6+ Bxf6 61. Rd5 Kh6 62. Bf3 Rb3 63. Kg4 Rb1 64. Rh5+ Kg7 65. Rd5 Kh6 66. Rd7 Rc1 67. Be4 Bg7 68. Re7 Rg1+ 69. Kf3 Rc1 70. Re6+ Kh5 71. Rg6 Bd4 0-1

[Event "December 5 Early 2023"]
[Site "https://www.chess.com"]
[Date "2023.12.05"]
[Round "2"]
[White "Dyachuk, Artem"]
[Black "IM_ArthurDW08"]
[Result "1-0"]
[Board "62"]
[TimeControl "180+1"]
[WhiteFideId "34107924"]
[WhiteElo "2560"]
[BlackElo "2817"]
[WhiteTeam "UKR"]
[WhiteClock "0:00:06"]
[BlackClock "0:00:00"]

1. e4 c5 2. Nf3 e6 3. d4 cxd4 4. Nxd4 Nf6 5. Nc3 Nc6 6. Ndb5 d6 7. Bf4 e5 8. Bg5 a6 9. Na3 Be6 10. Nc4 Rb8 11. Bxf6 Qxf6 12. Nb6 Qd8 13. Ncd5 g6 14. Be2 Bg7 15. O-O O-O 16. c3 f5 17. Bc4 Kh8 18. Qe2 f4 19. f3 g5 20. Rad1 Na5 21. Bd3 h5 22. b4 Nc6 23. Bc4 Re8 24. Rd2 g4 25. Rfd1 Qh4 26. Nc7 gxf3 27. gxf3 Bxc4 28. Nxc4 Rg8 29. Kh1 Bf8 30. Nxd6 Bxd6 31. Rxd6 Rg3 32. Rh6+ Kg7 33. Re6 Rd8 34. Rxd8 Nxd8 35. Re8 Nf7 36. Ne6+ Kf6 37. Nf8 Ng5 38. Qf2 Nxf3 39. Qb6+ Kg7 40. Qc7+ Kh6 41. Qd6+ Kg7 42. Re7+ Kg8 43. Qe6+ 1-0

[Event "December 5 Early 2023"]
[Site "https://www.chess.com"]
[Date "2023.12.05"]
[Round "2"]
[White "Nguyen, Quoc Hy"]
[Black "Durucay, Uygar"]
[Result "1-0"]
[Board "63"]
[TimeControl "180+1"]
[WhiteFideId "12410853"]
[BlackFideId "44591560"]
[WhiteElo "2808"]
[BlackElo "2558"]
[WhiteTeam "VIE"]
[BlackTeam "TUR"]
[WhiteClock "0:01:06"]
[BlackClock "0:00:06"]

1. d4 Nf6 2. c4 e6 3. Nc3 Bb4 4. e3 c5 5. Bd3 Nc6 6. Nf3 cxd4 7. exd4 d5 8. O-O dxc4 9. Bxc4 O-O 10. Bg5 Be7 11. Re1 b6 12. a3 Bb7 13. Ba2 Rc8 14. Qd3 h6 15. Bh4 Qd7 16. Rad1 Rfd8 17. Bb1 g6 18. h3 Nd5 19. Bg3 Bf6 20. Ne4 Bg7 21. Nd6 Ra8 22. Ba2 Nce7 23. Rc1 Bc6 24. Ne5 Bxe5 25. dxe5 Nc8 26. Ne4 Nce7 27. Bh4 g5 28. Bg3 Kg7 29. Nf6 Nxf6 30. exf6+ Kg8 31. Qxd7 Rxd7 32. fxe7 1-0

[Event "December 5 Early 2023"]
[Site "https://www.chess.com"]
[Date "2023.12.05"]
[Round "2"]
[White "Iskusnyh, Sergei"]
[Black "Hayrapetyan, Hovik"]
[Result "0-1"]
[Board "64"]
[TimeControl "180+1"]
[WhiteFideId "4120027"]
[BlackFideId "13302639"]
[WhiteElo "2556"]
[BlackElo "2807"]
[WhiteTeam "RUS"]
[BlackTeam "ARM"]
[WhiteClock "0:00:03"]
[BlackClock "0:00:08"]

1. d4 Nf6 2. c4 e6 3. g3 d5 4. Bg2 Be7 5. Nf3 O-O 6. O-O dxc4 7. Na3 Bxa3 8. bxa3 Bd7 9. Ne5 Bc6 10. Nxc6 Nxc6 11. Bb2 Nd5 12. Rc1 Nb6 13. e3 Rb8 14. Qg4 f5 15. Qe2 Qd7 16. Rfd1 Ne7 17. Ba1 Qa4 18. e4 fxe4 19. Qxe4 Qd7 20. Re1 c6 21. Qxe6+ Qxe6 22. Rxe6 Ned5 23. Bf1 Rbe8 24. Re5 Rd8 25. a4 Nd7 26. Ree1 b5 27. axb5 cxb5 28. a4 a6 29. Rb1 Rb8 30. Re6 c3 31. Rxa6 b4 32. Bc4 Nf6 33. Rxf6 gxf6 34. Bxd5+ Kg7 35. a5 Rb5 36. Bc4 Rxa5 37. Kg2 Rc8 38. Be6 Rc7 39. d5 c2 40. Rc1 Rxa1 41. Rxa1 c1=Q 42. Rxc1 Rxc1 43. d6 Rd1 44. d7 Kf8 45. Kf3 Ke7 46. Ke2 Rd6 47. Bf5 h6 48. f4 b3 49. g4 b2 50. h4 Rb6 51. Bb1 Kxd7 52. Ke3 Rd6 53. Ke4 Ke6 54. Ba2+ Ke7 55. Kf5 Ra6 56. Bb1 Ra1 57. Bc2 b1=Q 58. Bxb1 Rxb1 59. Kg6 Rb4 60. g5 hxg5 61. fxg5 fxg5 62. hxg5 Rg4 0-1

[Event "December 5 Early 2023"]
[Site "https://www.chess.com"]
[Date "2023.12.05"]
[Round "2"]
[White "Skvortsov, Andrei"]
[Black "Waldhausen Gordon, Frederick"]
[Result "1-0"]
[Board "65"]
[TimeControl "180+1"]
[WhiteFideId "24108600"]
[BlackFideId "2409143"]
[WhiteElo "2802"]
[BlackElo "2555"]
[WhiteTeam "MNE"]
[BlackTeam "SCO"]
[WhiteClock "0:01:01"]
[BlackClock "0:00:11"]

1. e4 c5 2. d4 cxd4 3. Qxd4 Nc6 4. Qd3 Nf6 5. Nc3 d6 6. Nf3 g6 7. Be2 Bg7 8. O-O O-O 9. Nd5 Be6 10. c3 Rc8 11. Bg5 Nd7 12. Bh4 h6 13. Rfd1 Nc5 14. Qe3 Qd7 15. Bb5 Rfe8 16. Nd4 Kh7 17. f4 Bg4 18. Nf3 Qd8 19. h3 Bxf3 20. Qxf3 a6 21. Bf1 Nd7 22. Rd2 Nf6 23. Ne3 Qb6 24. Kh1 Qc5 25. Bf2 Qa5 26. Bc4 Rf8 27. Bb3 b5 28. a3 Qc7 29. g4 Na5 30. Ba2 Nc4 31. Nxc4 bxc4 32. Re1 Qb7 33. Kg2 Nd7 34. e5 Rb8 35. exd6 exd6 36. Qxb7 Rxb7 37. Bxc4 Rfb8 38. Ree2 Nc5 39. Bd5 Rb5 40. b4 Bxc3 41. bxc5 Bxd2 42. Rxd2 dxc5 43. Bxf7 Rb2 44. Rd7 Rf8 45. Kg3 Rc2 46. Bb3+ 1-0

[Event "December 5 Early 2023"]
[Site "https://www.chess.com"]
[Date "2023.12.05"]
[Round "2"]
[White "Mortazavi, Ali"]
[Black "Weetik, Vjacheslav"]
[Result "0-1"]
[Board "66"]
[TimeControl "180+1"]
[WhiteFideId "401323"]
[BlackFideId "4153472"]
[WhiteElo "2554"]
[BlackElo "2802"]
[WhiteTeam "ENG"]
[BlackTeam "RUS"]
[WhiteClock "0:00:00"]
[BlackClock "0:00:16"]

1. Nf3 Nf6 2. g3 d5 3. Bg2 Bf5 4. O-O e6 5. d3 c6 6. c4 dxc4 7. dxc4 Nbd7 8. Nc3 h6 9. Bf4 Be7 10. Qc1 O-O 11. Rd1 Qc8 12. Bd6 Re8 13. Bxe7 Rxe7 14. Qf4 Qb8 15. b4 Bc2 16. Rd2 Bg6 17. b5 e5 18. Qh4 Qc7 19. bxc6 bxc6 20. Rad1 e4 21. Nd4 Rae8 22. Bh3 e3 23. fxe3 Ne5 24. Nf5 Bxf5 25. Bxf5 Qa5 26. Ne4 Nxe4 27. Qxe4 Qc5 28. Rd4 Ng6 29. Qc2 Rxe3 30. Bxg6 fxg6 0-1

[Event "December 5 Early 2023"]
[Site "https://www.chess.com"]
[Date "2023.12.05"]
[Round "2"]
[White "Damjanovic, Vuk"]
[Black "Novoselov, Roman"]
[Result "0-1"]
[Board "67"]
[TimeControl "180+1"]
[WhiteFideId "980021"]
[BlackFideId "4135067"]
[WhiteElo "2797"]
[BlackElo "2554"]
[WhiteTeam "SRB"]
[BlackTeam "RUS"]
[WhiteClock "0:00:02"]
[BlackClock "0:00:14"]

1. d4 Nf6 2. Nf3 d5 3. c4 e6 4. Bg5 Be7 5. Nc3 Nbd7 6. cxd5 exd5 7. e3 O-O 8. h3 Re8 9. Bd3 c6 10. Qc2 Nf8 11. Ne5 Be6 12. O-O Rc8 13. b4 Bxb4 14. Rab1 Bxc3 15. Qxc3 Rc7 16. f4 Bc8 17. Qa3 b6 18. Rbc1 Bd7 19. f5 c5 20. Ng4 c4 21. Bc2 h5 22. Nxf6+ gxf6 23. Bf4 Rc8 24. Qb4 a5 25. Qe1 Nh7 26. Qh4 Kh8 27. Qxh5 Qe7 28. a4 Qa3 29. Qxf7 Re7 30. Qxd5 Bxa4 31. Bd6 Qxe3+ 32. Kh1 Bxc2 33. Bxe7 Be4 34. Rf3 Qxc1+ 35. Kh2 Bxd5 0-1